Map: Honorgrounds LE

Players

NonY

  • Race: Protoss Protoss
  • Spawn Location: 5:00

Namshar - Winner!

  • Race: Zerg Zerg
  • Spawn Location: 11:00

Event: WCS Austin 2017

VOD

Have the link to the VOD?

Description

Time

  • Played on: April 28, 2017, 9:01 p.m.
  • Length: 17:03

All games in this series

Show
View Real Time Build Order
Export as new Build Order

NonY Protoss 

Build Orders: 1 Gate Expand, Zealot Archon 

Get SALT Encoding   

  12  0:00  Probe (Chrono Boost)  
  13  0:11  Probe (Chrono Boost)  
  14  0:19  Pylon  
  14  0:23  Probe (Chrono Boost)  
  15  0:35  Assimilator  
  15  0:37  Probe (Chrono Boost)  
  16  0:43  Gateway  
  16  0:48  Probe (Chrono Boost)  
  17  0:58  Probe (Chrono Boost)  
  18  1:09  Probe (Chrono Boost)  
  19  1:20  Nexus  
  19  1:23  Probe (Chrono Boost)  
  20  1:34  Cybernetics Core  
  20  1:37  Probe (Chrono Boost)  
  21  1:41  Assimilator  
  21  1:47  Probe (Chrono Boost)  
  21  1:53  Pylon  
  22  1:58  Probe (Chrono Boost)  
  23  2:09  Adept  
  23  2:12  Probe (Chrono Boost), Warp Gate  
  26  2:24  Gateway  
  26  2:25  Probe (Chrono Boost)  
  27  2:32  Probe (Chrono Boost)  
  27  2:36  Probe (Chrono Boost), Pylon  
  29  2:40  Sentry  
  29  2:43  Probe (Chrono Boost)  
  32  2:51  Probe (Chrono Boost)  
  32  2:53  Probe (Chrono Boost)  
  33  3:02  Probe (Chrono Boost)  
  33  3:04  Probe (Chrono Boost)  
  35  3:05  Forge  
  35  3:08  Sentry  
  35  3:11  Sentry  
  41  3:13  Mothership Core (Chrono Boost)  
  41  3:14  Probe (Chrono Boost)  
  42  3:21  Pylon  
  42  3:25  Probe (Chrono Boost)  
  43  3:31  Probe (Chrono Boost)  
  44  3:35  Probe (Chrono Boost)  
  44  3:38  Protoss Ground Weapons Level 1  
  45  3:41  Probe (Chrono Boost)  
  45  3:46  Probe (Chrono Boost)  
  45  3:48  Nexus  
  47  3:52  Probe (Chrono Boost)  
  48  3:57  Probe (Chrono Boost)  
  48  4:00  Pylon  
  50  4:02  Probe (Chrono Boost)  
  50  4:07  Probe (Chrono Boost)  
  51  4:13  Assimilator, Probe (Chrono Boost)  
  52  4:18  Assimilator, Twilight Council, Probe (Chrono Boost)  
  52  4:20  Zealot x2  
  57  4:25  Probe (Chrono Boost)  
  57  4:28  Probe (Chrono Boost)  
  59  4:33  Pylon  
  59  4:39  Probe x2 (Chrono Boost)  
  59  4:44  Pylon  
  61  4:46  Charge  
  61  4:52  Probe x2 (Chrono Boost)  
  63  5:00  Templar Archives  
  63  5:02  Probe x2 (Chrono Boost)  
  63  5:04  Robotics Facility  
  65  5:07  Zealot x2  
  65  5:13  Probe x2 (Chrono Boost)  
  71  5:18  Protoss Ground Weapons Level 2  
  71  5:19  Probe (Chrono Boost)  
  72  5:23  Probe (Chrono Boost)  
  72  5:25  Probe (Chrono Boost)  
  72  5:26  Pylon  
  72  5:28  Zealot x2  
  78  5:30  Probe (Chrono Boost)  
  78  5:33  Assimilator  
  78  5:35  Probe (Chrono Boost)  
  81  5:37  Assimilator, Probe (Chrono Boost)  
  81  5:44  Probe (Chrono Boost)  
  81  5:45  Pylon  
  81  5:47  Warp Prism, Probe (Chrono Boost)  
  81  5:49  Probe (Chrono Boost)  
  84  5:51  High Templar x2  
  90  5:57  Gateway  
  90  5:58  Archon  
  90  5:59  Gateway  
  90  6:01  Gateway  
  90  6:02  Gateway  
  90  6:08  Gateway  
  90  6:10  Gateway  
  90  6:14  Gateway  
  90  6:23  Observer, Gateway  
  90  6:24  Pylon  
  91  6:28  High Templar x2  
  95  6:33  Archon  
  95  6:38  Gateway  
  95  7:04  Zealot x5  
  95  7:05  Zealot  
  107  7:10  Immortal  
  103  7:21  Protoss Ground Weapons Level 3, Zealot x2  
  95  7:24  Zealot x2  
  95  7:28  Zealot x2  
  97  7:34  Zealot x2  
  97  7:35  Zealot x2  
  83  7:44  Assimilator, Warp Prism  
  83  7:48  Assimilator  
  83  7:49  High Templar x3  
  83  7:50  High Templar, Zealot x2  
  91  7:55  Robotics Facility, Probe (Chrono Boost), Nexus  
  91  7:56  Probe x2 (Chrono Boost)  
  94  7:59  Archon  
  94  8:00  Archon  
  94  8:01  Pylon  
  94  8:05  Pylon  
  97  8:13  Probe (Chrono Boost)  
  97  8:14  Probe x2 (Chrono Boost)  
  97  8:15  Immortal  
  97  8:24  High Templar  
  97  8:25  High Templar, Zealot x7  
  97  8:26  Zealot x2  
  123  8:30  Probe x3 (Chrono Boost)  
  123  8:31  Assimilator  
  126  8:34  Assimilator, Pylon  
  126  8:36  Pylon  
  126  8:43  Immortal  
  126  8:44  Archon  
  130  8:49  Immortal  
  134  8:56  Pylon  
  134  9:00  Pylon  
  134  9:06  Zealot  
  134  9:07  Zealot x4  
  134  9:09  High Templar x4  
  146  9:25  Immortal x2  
  146  9:27  Psionic Storm  
  150  9:34  Probe x3 (Chrono Boost)  
  153  9:59  Zealot  
  155  10:00  Zealot x4  
  155  10:01  Zealot x2  
  163  10:16  Immortal x2  
  165  10:21  High Templar  
  165  10:22  High Templar x3, Stalker  
  165  10:23  Stalker x2  
  165  10:27  Protoss Ground Armor Level 1  
  173  10:34  Pylon x2  
  153  10:37  Pylon  
  153  10:38  Pylon  
  153  10:44  Pylon  
  151  11:00  Blink  
  151  11:03  Nexus  
  147  11:07  Pylon  
  147  11:09  Pylon  
  141  11:13  Stalker x6  
  141  11:15  Observer  
  141  11:18  Immortal  
  158  11:23  Assimilator  
  158  11:25  Assimilator  
  158  11:28  High Templar  
  158  11:29  High Templar  
  162  11:39  Probe x3 (Chrono Boost)  
  165  11:43  Warp Prism  
  165  11:51  Probe (Chrono Boost)  
  162  12:02  Zealot x8  
  160  12:11  Probe x3 (Chrono Boost), Protoss Shields Level 1  
  157  12:36  Probe (Chrono Boost)  
  160  12:37  Probe x2 (Chrono Boost)  
  160  12:41  High Templar x7  
  160  12:43  Stalker  
  176  12:45  Observer  
  176  12:46  Archon x4  
  108  13:18  Stalker x6  
  104  13:42  Zealot x5  
  71  14:05  Zealot  
  71  14:06  Zealot x3  
  37  14:25  Probe (Chrono Boost)  
  37  14:26  High Templar x3, Probe (Chrono Boost)  
  37  14:27  High Templar, Probe (Chrono Boost)  
  46  14:42  Probe (Chrono Boost)  
  46  14:43  Probe x2 (Chrono Boost)  
  49  14:50  Stalker x2  
  53  14:55  Probe (Chrono Boost)  
  53  14:56  Archon  
  54  15:01  Zealot x2  
  56  15:17  High Templar x2, Zealot  
  56  15:18  Zealot  
  64  15:21  Archon  
  64  15:26  Probe (Chrono Boost)  
  64  15:28  Probe (Chrono Boost)  
  63  15:38  Observer  
  61  15:56  Observer  
  62  16:05  Immortal  
  62  16:08  Zealot x4  
  73  16:23  Zealot x2  
  73  16:54  Archon  
Show
View Real Time Build Order
Export as new Build Order

Namshar Zerg - Winner!

Build Orders: Hatch First, Lurkers 

Get SALT Encoding   

  12  0:00  Drone  
  13  0:13  Overlord  
  13  0:17  Drone  
  14  0:31  Drone x2  
  14  0:34  Drone  
  17  0:52  Hatchery  
  17  0:56  Drone  
  17  0:58  Drone  
  18  1:10  Extractor  
  17  1:14  Spawning Pool  
  17  1:17  Drone  
  17  1:20  Drone  
  18  1:28  Drone  
  19  1:39  Overlord  
  19  1:50  Drone  
  20  2:01  Queen  
  22  2:02  Zergling x2  
  22  2:04  Drone, Queen  
  26  2:10  Metabolic Boost  
  26  2:12  Drone  
  27  2:16  Drone  
  27  2:22  Drone  
  29  2:27  Drone  
  30  2:33  Drone  
  31  2:38  Queen  
  31  2:40  Zergling x2  
  34  2:45  Overlord  
  34  2:49  Drone  
  35  2:54  Hatchery  
  35  2:57  Drone  
  35  3:02  Drone  
  36  3:13  Drone x3  
  36  3:14  Drone x4  
  36  3:15  Drone  
  44  3:21  Overlord  
  44  3:26  Overlord  
  44  3:30  Roach Warren  
  44  3:32  Drone, Extractor  
  43  3:36  Drone  
  44  3:43  Drone  
  44  3:46  Drone x2  
  46  3:48  Drone  
  46  3:49  Drone x4  
  51  4:01  Overlord x2  
  51  4:08  Extractor  
  50  4:10  Overlord  
  50  4:12  Lair  
  50  4:13  Drone x2  
  50  4:16  Drone  
  53  4:19  Drone x4  
  53  4:20  Drone x2  
  53  4:22  Overlord  
  59  4:26  Drone  
  59  4:27  Drone  
  61  4:33  Drone  
  61  4:38  Extractor  
  61  4:40  Evolution Chamber  
  61  4:45  Drone x2  
  61  4:46  Drone, Overlord  
  61  4:49  Drone  
  61  4:50  Extractor  
  63  4:53  Drone x3  
  63  4:54  Drone  
  63  4:55  Drone x6  
  73  5:02  Drone  
  73  5:03  Drone  
  73  5:05  Zerg Missile Weapons Level 1  
  73  5:06  Drone  
  76  5:13  Overlord, Glial Reconstitution  
  76  5:15  Extractor  
  76  5:18  Drone, Spore Crawler  
  76  5:19  Drone  
  76  5:24  Drone  
  76  5:25  Drone x2  
  76  5:28  Overlord, Hydralisk Den, Baneling Nest  
  78  5:32  Queen  
  78  5:33  Overlord  
  78  5:44  Overlord x3  
  78  5:46  Hatchery  
  77  5:51  Hatchery  
  77  5:52  Drone  
  77  5:54  Evolution Chamber  
  76  5:58  Spore Crawler  
  76  6:00  Muscular Augments  
  75  6:04  Hydralisk x2  
  75  6:05  Hydralisk x3  
  75  6:11  Overseer  
  85  6:15  Centrifical Hooks  
  85  6:17  Hydralisk x3  
  91  6:20  Zerg Melee Weapons Level 1  
  91  6:26  Overlord  
  91  6:28  Hydralisk x2  
  91  6:32  Hydralisk x3  
  97  6:35  Hydralisk  
  97  6:36  Hydralisk  
  97  6:39  Roach  
  109  6:40  Roach  
  109  6:43  Roach  
  109  6:44  Roach  
  113  6:48  Roach x3  
  119  6:55  Roach x4  
  119  6:59  Roach x3  
  119  7:00  Ravager  
  134  7:02  Overlord  
  126  7:20  Hydralisk x7  
  134  7:23  Roach x3  
  134  7:26  Extractor  
  137  7:35  Roach x5  
  137  7:36  Roach x2  
  133  7:41  Drone  
  130  7:49  Zerg Missile Weapons Level 2  
  130  7:50  Queen  
  132  7:53  Drone  
  132  7:54  Drone x10  
  132  7:56  Spore Crawler  
  142  7:59  Pneumatized Carapace  
  142  8:04  Lurker Den  
  142  8:05  Overseer  
  142  8:11  Hydralisk x3  
  148  8:16  Hydralisk x2, Extractor  
  148  8:19  Ravager  
  152  8:20  Overlord  
  152  8:25  Overseer  
  152  8:27  Hydralisk x3  
  152  8:28  Zergling x2  
  152  8:32  Zergling x8  
  163  8:42  Zergling x2  
  163  8:43  Zergling x12  
  170  8:50  Zergling x18  
  179  9:05  Overlord x2, Zerg Melee Weapons Level 2  
  179  9:07  Baneling  
  179  9:08  Baneling x9  
  179  9:10  Baneling  
  179  9:11  Baneling x6  
  174  9:21  Drone x6  
  172  9:27  Drone x6  
  172  9:28  Drone x2  
  179  9:56  Hydralisk, Baneling x12  
  179  9:57  Hydralisk x7, Baneling x2  
  195  10:05  Zerg Ground Armor Level 1  
  164  10:36  Drone x7  
  131  11:17  Drone x3  
  131  11:18  Extractor  
  131  11:20  Drone x3  
  131  11:21  Hydralisk x10  
  131  11:22  Hydralisk x3  
  160  11:27  Hatchery  
  160  11:31  Overseer  
  160  11:32  Overseer  
  159  11:37  Hydralisk  
  159  11:38  Hydralisk x5  
  171  11:49  Overseer  
  171  11:51  Hydralisk x5  
  180  12:06  Lurker x2  
  180  12:13  Lurker x4  
  178  12:18  Hydralisk x2  
  178  12:20  Overlord  
  178  12:21  Overlord x5  
  168  12:31  Overlord x3  
  168  12:35  Drone x2  
  168  12:36  Drone  
  171  12:45  Lurker x4  
  171  12:50  Lurker x4  
  171  12:51  Lurker x2  
  160  13:10  Hydralisk x10  
  160  13:12  Hydralisk  
  144  13:13  Zergling x22  
  144  13:18  Hydralisk  
  122  13:21  Hydralisk  
  122  13:22  Zergling x4, Hydralisk x2  
  122  13:23  Zergling x2  
  133  13:27  Hydralisk  
  127  13:35  Hydralisk  
  127  13:36  Hydralisk x4  
  136  13:43  Hydralisk  
  136  13:44  Hydralisk x3  
  136  13:47  Hydralisk  
  128  13:51  Hydralisk  
  128  13:52  Zergling x4, Hydralisk x5  
  128  13:53  Zergling x4  
  123  13:58  Hydralisk x2  
  123  13:59  Zergling x8  
  99  14:05  Zergling x4  
  81  14:27  Drone x4  
  81  14:30  Drone x4  
  81  14:31  Drone  
  84  14:46  Drone x2  
  84  14:52  Lurker x3  
  90  14:53  Lurker  
  90  14:54  Lurker  
  90  14:56  Lurker  
  92  15:02  Lurker  
  87  15:19  Baneling x2  
  87  15:22  Drone x4  
  91  15:32  Hatchery  
  86  15:36  Hydralisk  
  86  15:37  Hydralisk x3  
  93  15:49  Hydralisk x2  
  93  15:50  Zergling x8  
  101  16:05  Overseer  
  101  16:07  Hydralisk x2  
  101  16:08  Hydralisk x2  
  110  16:11  Drone x2  
  110  16:14  Drone x2  
  110  16:17  Lurker  
  114  16:19  Lurker  
  114  16:22  Lurker  
  116  16:27  Baneling  
Tags
 
Add a new tag
Caveats
  • Supply blocks, unpowered buildings, or Contaminate may cause inaccurate times.
  • Supply counts are checked every 10 seconds.